 Dungeon Crawl Stone Soup version 0.17.0-28-g6e173f8 (webtiles) character file.

478 4thArraOfDagon the Chopper (level 6, -1/56 HPs)
             Began as a Minotaur Berserker on Nov 24, 2015.
             Was a Follower of Trog.
             Slain by a worker ant (5 damage)
             ... on level 7 of the Dungeon.
             The game lasted 00:03:03 (445 turns).

4thArraOfDagon the Chopper (Minotaur Berserker)      Turns: 445, Time: 00:03:04

Health: -1/56      AC:  8    Str: 26    XL:     6   Next: 86%
Magic:  5/5        EV: 10    Int:  6    God:    Trog [*.....]
Gold:   5          SH:  0    Dex:  9    Spells: 0 memorised, 5 levels left

rFire  . . .     SeeInvis .     a - +0 hand axe
rCold  . . .     Clarity  .     h - +1 scale mail of Negligence {rPois Str+4}
rNeg   . . .     SustAt   .     (no shield)
rPois  +         Gourm    .     (helmet restricted)
rElec  .         Spirit   .     (no cloak)
rCorr  .         Warding  .     (no gloves)
rMut   .         Stasis   .     (no boots)
MR     .....                    (no amulet)
Stlth  ..........               (no ring)
                                (no ring)

@: exhausted, not resistant to hostile enchantments, extremely unstealthy
A: retaliatory headbutt, horns 2
a: Berserk, Burn Spellbooks, Renounce Religion


You were on level 7 of the Dungeon.
You worshipped Trog.
Trog was aware of your devotion.
You were not hungry.

You visited 1 branch of the dungeon, and saw 7 of its levels.

You collected 50 gold pieces.
You spent 45 gold pieces at shops.

Inventory:

Hand Weapons
 a - a +0 hand axe (weapon)
Armour
 h - the +1 scale mail of Negligence (worn) {rPois Str+4}
   (You found it on level 5 of the Dungeon)

   It affects your strength (+4).
   It protects you from poison.
Wands
 b - a wand of invisibility (4)
Scrolls
 d - a scroll of remove curse
 e - a scroll of magic mapping
Comestibles
 c - 2 bread rations
 f - 4 fruits
 g - a meat ration
 i - a chunk of flesh


   Skills:
 + Level 5.6 Fighting
 * Level 7.1 Axes
 + Level 4.8 Armour
 - Level 2.1 Dodging


You had 5 spell levels left.
You didn't know any spells.

Dungeon Overview and Level Annotations

Branches:
Dungeon (7/15)
 Temple: D:4-7

Altars:
Elyvilon

Shops:
D:5 *[

Annotations:
D:4 4thArraOfDagon's ghost, amateur MiBe
D:7 Pikel


Innate Abilities, Weirdness & Mutations

You reflexively headbutt those who attack you in melee.
You have a pair of horns on your head.


Message History

The slave is lightly wounded.
The worker ant bites you but does no damage.
The slave hits you.
* * * LOW HITPOINT WARNING * * *
The hound zombie bites you but does no damage.
The worker ant barely misses you.
Unknown command.
Unknown command.
Unknown command.
You aren't carrying any potions.
Unknown command.
Read which item? (? for menu, Esc to quit)
Okay, then.
Read which item? (? for menu, Esc to quit)
As you read the scroll labeled SYT QIAMUTHREFU, it crumbles to dust.
You feel as if something is helping you.
It was a scroll of remove curse.
The hound zombie bites you but does no damage.
The slave hits you but does no damage. The worker ant bites you.
You die...

##..)))###.#
##.a..o.#.#
##.###o#.# ###
#...##p#o### #..
....K..p.....
#.####...######..
#.# ##..#####...
##a## ##....##.#o
#@pK## #.K...#o..
#Z###K####K§.8...8.
... #..K.Kp....#...
##..
#.####{...###.# ...
..## #.#...#...
.#.##.# #.#.8.?.8.
$...... #.....#...
.. .... .....###.#
### ##.... ..


You could see Pikel, a big kobold, a slave, a worker ant and a hound zombie.

Vanquished Creatures
  Duvessa (D:7)
  A giant frog (D:7)
  Dowan (D:7)
  5 wights (D:7)
  A worker ant (D:5)
  2 oozes
  An orc (D:7)
  A bat (D:3)
  A giant cockroach (D:2)
  A hobgoblin (D:3)
  A ball python (D:7)
  A giant gecko (D:7)
  4 kobolds (D:7)
21 creatures vanquished.

Notes
Turn   | Place    | Note
--------------------------------------------------------------
     0 | D:1      | 4thArraOfDagon the Minotaur Berserker began the quest for the Orb.
     0 | D:1      | Reached XP level 1. HP: 19/19 MP: 0/0
    31 | D:2      | Reached skill level 4 in Axes
    62 | D:3      | Reached XP level 2. HP: 27/27 MP: 1/1
   149 | D:5      | Entered Level 5 of the Dungeon
   158 | D:5      | Reached XP level 3. HP: 33/33 MP: 2/2
   183 | D:4      | Noticed 4thArraOfDagon's ghost (amateur MiBe)
   194 | D:5      | Found Ofiham's General Store.
   202 | D:5      | Bought a scroll of magic mapping for 45 gold pieces
   216 | D:5      | Found Wuplom's Antique Armour Emporium.
   242 | D:5      | Got a fine scale mail
   253 | D:5      | Identified the cursed +1 scale mail of Negligence {rPois Str+4} (You found it on level 5 of the Dungeon)
   319 | D:6      | Found a white marble altar of Elyvilon.
   320 | D:6      | Noticed a phantom
   338 | D:7      | Noticed Duvessa
   340 | D:7      | Noticed Dowan
   351 | D:7      | Killed Duvessa
   351 | D:7      | Reached skill level 5 in Axes
   351 | D:7      | Reached XP level 4. HP: 39/41 MP: 3/3
   352 | D:7      | Killed Dowan
   352 | D:7      | Reached XP level 5. HP: 45/47 MP: 4/4
   392 | D:7      | Noticed a giant frog
   398 | D:7      | Reached skill level 5 in Fighting
   398 | D:7      | Reached skill level 6 in Axes
   398 | D:7      | Reached XP level 6. HP: 40/56 MP: 5/5
   399 | D:7      | Noticed a big kobold
   400 | D:7      | Killed a giant frog
   402 | D:7      | Reached skill level 7 in Axes
   403 | D:7      | Noticed a slave
   405 | D:7      | Reached ** piety under Trog
   407 | D:7      | Noticed Pikel
   413 | D:7      | Noticed a slave
   414 | D:7      | Noticed a slave
   420 | D:7      | Noticed a slave
   445 | D:7      | Slain by a worker ant

Action                   |  1- 3 |  4- 6 || total
-------------------------+-------+-------++-------
Melee: Hand axe          |    15 |    13 ||    28
Invok: Berserk           |     2 |     1 ||     3
       Trog's Hand       |       |     1 ||     1
  Use: Scroll            |       |     1 ||     1
  Eat: Chunk             |       |     2 ||     2
